 Dungeon Crawl Stone Soup version 0.30.0-5-g1a98f26d00 (webtiles) character file.

Game seed: 8795109089975145569

647 hawla the Firebug (level 8, -1/58 HPs)
             Began as a Meteoran Fire Elementalist on May 10, 2023.
             Was an Initiate of Vehumet.
             Slain by a river rat (4 damage)
             ... summoned by Eustachio
             ... on level 5 of the Dungeon.
             The game lasted 00:10:11 (1708 turns).

hawla the Firebug (Meteoran Fire Elementalist)      Turns: 1708, Time: 00:10:12

Health: -1/58      AC:  4    Str: 10    XL:     8   Next: 9%
Magic:  2/17       EV: 18    Int: 18    God:    Vehumet [......]
Gold:   92         SH:  0    Dex: 15    Spells: 11/18 levels left

rFire   + . .        (no weapon)
rCold   + . .        (no shield)
rNeg    . . .        a - +0 robe
rPois   +            b - +0 helmet
rElec   +            (no cloak)
rCorr   +            (no gloves)
SInv    .            k - +0 pair of boots {Fly}
Will    .....        (no amulet)
Stlth   +            r - +5 ring of evasion
HPRegen 0.29/turn    (no ring)
MPRegen 0.15/turn

%: no passive effects
@: brilliant, resistant, weak-willed, flying, very slightly contaminated,
glowing, invisible (but backlit and visible)
A: sense surroundings 1, otherworldly, glowing, explore regen
a: Renounce Religion


You were on level 5 of the Dungeon.
You worshipped Vehumet.
Vehumet was noncommittal.
You visited 2 branches of the dungeon, and saw 7 of its levels.

You collected 207 gold pieces.
You spent 115 gold pieces at shops.

Inventory:

Armour
 a - a +0 robe (worn)
 b - a +0 helmet (worn)
 k - a +0 pair of boots of flying (worn)
Jewellery
 r - a +5 ring of evasion (left hand)
Scrolls
 e - 2 scrolls of poison
 f - a scroll of identify
 h - 3 scrolls of fog
 q - a scroll of blinking {unknown}
Potions
 n - a potion of curing {unknown}


   Skills:
 + Level 0.6 Fighting
 + Level 2.8 Dodging
 - Level 1.4 Stealth
 + Level 5.6 Spellcasting
 + Level 6.0 Conjurations
 + Level 6.3 Fire Magic


You had 11 spell levels left.
You knew the following spells:

 Your Spells              Type           Power      Damage    Failure   Level
a - Foxfire               Conj/Fire      100%       2x1d9     1%          1
b - Scorch                Fire           82%        2d8       1%          2
c - Flame Wave            Conj/Fire      40%        2d11      10%         4

Your spell library contained the following spells:

 Spells                   Type           Power      Damage    Failure   Level
 Inner Flame              Hex/Fire       24%        N/A       11%         3
 Volatile Blastmotes      Fire/Tloc      48%        2d14      11%         3
 Sublimation of Blood     Necr           7%         N/A       19%         2
 Wereblood                Tmut           7%         N/A       19%         2
 Summon Hydra             Summ           3%         N/A       100%        7


Dungeon Overview and Level Annotations

Branches:
Dungeon (6/15) Zot: 2142   Temple (1/1) D:4 Zot: 349

Altars:
Ashenzari
Elyvilon
Fedhas
Makhleb
Nemelex Xobeh
Ru
Sif Muna
Uskayaw
Vehumet
Zin

Shops:
D:4 [[

Annotations:
D:5 Eustachio


Innate Abilities, Weirdness & Mutations

You passively map a small area around you.
You are easily found by Zot.
You glow in the dark.
You regain HP and MP as you explore.


Message History

The shadow imp looks frightened!
The iron imp looks frightened!
It was a scroll of fear.
Eustachio mumbles some strange words.
Eustachio blinks!
The river rat bites you.
* * * LOW HITPOINT WARNING * * *
As you read the scroll labelled CIENWO TURATUA, it crumbles to dust.
Your attack snaps the shadow imp out of its fear.
Your attack snaps the iron imp out of its fear.
Your attack snaps the quasit out of its fear.
Magic quickly surges around you.
It was a scroll of vulnerability.
The river rat misses you.
The iron imp disappears for a moment.
The quasit bites you.
* * * LOW HITPOINT WARNING * * *
The quasit barely misses you. The quasit closely misses you.
As you read the scroll labelled HUMNIMUUTA, it crumbles to dust.
Your body is wracked with pain!
* * * LOW HITPOINT WARNING * * *
It was a scroll of torment.
The quasit closely misses you. The quasit claws you.
* * * LOW HITPOINT WARNING * * *
The quasit claws you but does no damage.
The river rat bites you.
* * * LOW HITPOINT WARNING * * *
The iron imp closely misses you.
It was a potion of brilliance.
You feel clever all of a sudden. The quasit bites you.
* * * LOW HITPOINT WARNING * * *
The quasit barely misses you.
The quasit claws you but does no damage.
The river rat misses you.
It was a potion of resistance.
You feel protected. The quasit completely misses you. The quasit claws you.
* * * LOW HITPOINT WARNING * * *
The quasit completely misses you. The iron imp puffs mist at you.
The iron imp barely misses you. The river rat bites you.
You die...

,,,,,,**,**,* #.# #§#.# #.#
*****,**,,,,* #.# #.#.# #.# *
*,******* #.####[#.# *,## *
*,,,,,,,* #.....<#.# *,.. *
*,*****,* ########.# **##
*****,*** *,* #.# ###
,,,,,,,,**#○##############.####..
****,,,,,##§..§r§.○°○§°§........#
,,,,,,,,,.....55@5§°☼############
****,,,,,############# **,,,**
*****


You could see an iron imp (summoned, inner flame, weak-willed), a quasit
(summoned, inner flame, weak-willed), a river rat (summoned, inner flame,
weak-willed) and a shadow imp (summoned, inner flame, weak-willed).

Vanquished Creatures
  Grinder (D:5)
  A phantom (D:5)
  A scorpion (D:5)
  An orc priest (D:5)
  A gnoll bouda (D:4)
  A hound (D:4)
  A sleepcap (D:5)
  An iguana (D:4)
  A scorpion zombie (D:3)
  An orc wizard (D:5)
  4 adders
  3 gnolls (D:4)
  An adder zombie (D:3)
  An adder skeleton (D:3)
  2 worms
  10 orcs
  A bat (D:3)
  5 endoplasms
  4 goblins
  2 hobgoblins
  6 jackals
  4 kobolds
  2 quokkas
  3 ball pythons
  A ball python zombie (D:3)
  2 rats
61 creatures vanquished.

Vanquished Creatures (others)
  155 foxfires
155 creatures vanquished.

Grand Total: 216 creatures vanquished

Notes
Turn   | Place    | Note
-------+----------+-------------------------------------------
     0 | D:1      | hawla the Meteoran Fire Elementalist began the quest for
                  | the Orb.
     0 | D:1      | Reached XP level 1. HP: 14/14 MP: 5/5
    77 | D:1      | Reached XP level 2. HP: 20/20 MP: 3/6
    82 | D:1      | You fall into a shaft and drop 1 floor!
   129 | D:2      | Learned a level 2 spell: Scorch
   225 | D:2      | Reached XP level 3. HP: 26/26 MP: 4/8
   303 | D:3      | Reached XP level 4. HP: 25/33 MP: 1/10
   458 | D:3      | Reached skill level 5 in Fire Magic
   458 | D:3      | Reached XP level 5. HP: 26/38 MP: 0/12
   478 | D:3      | Learned a level 4 spell: Flame Wave
   480 | D:3      | Found a faded altar of an unknown god.
   503 | D:4      | Found a staircase to the Ecumenical Temple.
   525 | Temple   | Entered the Ecumenical Temple
   686 | Temple   | Became a worshipper of Vehumet
   816 | D:4      | Found Niqiuxtu's Armour Shop.
   867 | D:4      | Reached XP level 6. HP: 45/45 MP: 3/13
   911 | D:4      | Found Doohek Quemu's Armour Boutique.
  1159 | D:4      | Bought a +0 pair of boots of flying for 115 gold pieces
  1312 | D:5      | Entered Level 5 of the Dungeon
  1316 | D:5      | Reached skill level 5 in Conjurations
  1444 | D:5      | Reached XP level 7. HP: 23/50 MP: 0/14
  1499 | D:5      | Noticed Grinder
  1505 | D:5      | Killed Grinder
  1506 | D:5      | Reached skill level 5 in Spellcasting
  1545 | D:5      | Reached XP level 8. HP: 58/58 MP: 12/17
  1678 | D:5      | Noticed Eustachio
  1708 | D:5      | Slain by a river rat

Illustrated notes

Levels and vault maps discovered:
D:1:      matt_arrival_grand_opening, layout_basic, minmay_tromino_v7
D:2:      layout_loops_corners, nicolae_underground_beach, uniq_terence
D:3:      layout_loops_ring, serial_undead, serial_undead_b, serial_undead_f,
          serial_undead_b, serial_undead_b, serial_undead_d, serial_undead_a,
          serial_undead_d, basic_ecumenical_altar, glass_columns_c
D:4:      layout_basic, minmay_temple_entry_grid, serial_shops,
          nicolae_shop_real_fake_doors, nicolae_shop_tiny_glass, shop,
          nicolae_square_shop, kennysheep_big_empty_room, grunt_decor_clamped,
          grunt_decor_mini_mirrors
D:5:      layout_loops_ring, uniq_grinder, uniq_eustachio
D:6:      layout_cave_pools, st_stairs_5, minmay_pentangle, uniq_prince_ribbit1
Temple:   mainiacjoe_temple_cubbyholes

Skill      XL: |  1  2  3  4  5  6  7  8 |
---------------+-------------------------+-----
Fire Magic     | 4 5 6 |  6.3
Spellcasting   | 3 4 5 |  5.6
Conjurations   | 3 5 6 |  6.0
Fighting       | |  0.6
Dodging        | |  2.8
Stealth        | |  1.4

Action                     |  1- 3 |  4- 6 |  7- 9 || total
---------------------------+-------+-------+-------++-------
  Melee: Unarmed           |     3 |    14 |     2 ||    19
         Punch             |       |     1 |       ||     1
   Cast: Foxfire           |    27 |    55 |    13 ||    95
         Scorch            |     7 |    13 |     4 ||    24
         Flame Wave        |       |     4 |     2 ||     6
    Use: Potion            |     1 |       |     3 ||     4
         Scroll            |       |       |     9 ||     9
 Armour: Robe              |     4 |     8 |    18 ||    30
  Dodge: Dodged            |    11 |    27 |    45 ||    83
